 Dungeon Crawl Stone Soup version 0.21.1-1-g345015fe64 (webtiles) character file.

392 Htamos the Cleaver (level 6, -10/50 HPs)
             Began as a Minotaur Gladiator on July 10, 2018.
             Killed by divine providence
             ... invoked by an orc priest
              (12 damage)
             ... on level 4 of the Dungeon.
             The game lasted 00:03:41 (1982 turns).

Htamos the Cleaver (Minotaur Gladiator)             Turns: 1982, Time: 00:03:42

Health: -10/50     AC:  8    Str: 19    XL:     6   Next: 51%
Magic:  5/5        EV:  8    Int: 10    God:
Gold:   100        SH:  0    Dex: 13    Spells: 5/5 levels left

rFire    . . .     SeeInvis .   a - +0 war axe
rCold    . . .     Gourm    .   (no shield)
rNeg     . . .     Faith    .   o - +0 chain mail
rPois    .         Spirit   .   c - +0 hat
rElec    .         Reflect  .   (no cloak)
rCorr    .         Harm     .   (no gloves)
MR       .....                  (no boots)
Stlth    ..........             (no amulet)
HPRegen  0.16/turn              (no ring)
MPRegen  0.09/turn              (no ring)

@: brilliant
A: retaliatory headbutt, horns 2
a: no special abilities


You were on level 4 of the Dungeon.
You were not hungry.

You visited 1 branch of the dungeon, and saw 4 of its levels.

You collected 100 gold pieces.

Inventory:

Hand Weapons
 a - a +0 war axe (weapon)
Missiles
 d - 3 throwing nets (quivered)
 h - 70 stones
Armour
 b - a +0 leather armour
 c - a +0 hat (worn)
 o - a +0 chain mail (worn)
Jewellery
 g - an uncursed ring of magical power {unknown}
 i - an uncursed ring of stealth {unknown}
 k - an uncursed ring of magical power {unknown}
Scrolls
 e - 4 scrolls of identify {unknown}
 l - 3 scrolls of enchant weapon {unknown}
 n - a scroll of random uselessness {unknown}
 p - 2 scrolls of remove curse {unknown}
 t - 2 scrolls of magic mapping {unknown}
Potions
 j - a potion of lignification {unknown}
 m - a potion of magic {unknown}
 q - a potion of brilliance
 r - a potion of agility {unknown}
 s - a potion of heal wounds {unknown}
Comestibles
 f - 4 rations


   Skills:
 - Level 2.4 Fighting
 + Level 8.7 Axes
 - Level 2.1 Throwing
 - Level 3.5 Dodging


You had 5 spell levels left.
You didn't know any spells.

Dungeon Overview and Level Annotations

Branches:
Dungeon (4/15)
 Temple: D:4-7

Altars:
Fedhas


Innate Abilities, Weirdness & Mutations

You reflexively headbutt those who attack you in melee.
You have a pair of horns on your head.


Message History

The centaur is severely wounded.
You closely miss the orc priest. You slash the orc!
You kill the orc!
The centaur hits you with a shortbow.
The orc priest hits you with a morningstar!
* * * LOW HITPOINT WARNING * * *
The centaur hits you with a shortbow.
* * * LOW HITPOINT WARNING * * *
You slash the centaur!
You kill the centaur!
You hit the orc priest. You barely miss the orc.
The orc priest hits you with a morningstar!
* * * LOW HITPOINT WARNING * * *
The orc barely misses you. You furiously retaliate!
You headbutt the orc!
You kill the orc!
It was a potion of brilliance.
You feel clever all of a sudden.
The orc priest invokes the aid of Beogh against you.
Beogh smites you!
You die...

#########
........#
........#
##.......).###
#........)@'.#
#........o.#(# #
#..........#.#
#.#.##########.#
#.#.# #.#
#.#.##########.#
#............#.#
#......#####.#.#
#.#.##.# #.#.#


You could see an orc priest.

Vanquished Creatures
  The ghost of Salt the Firebug, an amateur DEFE (D:3)
  A centaur (D:4)
  A hound (D:4)
  An orc wizard (D:3)
  A worker ant (D:4)
  2 adders
  3 oozes
  5 worms
  5 leopard geckos
  5 orcs
  6 giant cockroaches
  12 goblins
  5 hobgoblins
  4 jackals (D:3)
  6 kobolds
  2 quokkas
  8 bats
  3 frilled lizards (D:3)
  9 rats
80 creatures vanquished.

Notes
Turn   | Place    | Note
-------+----------+-------------------------------------------
     0 | D:1      | Htamos the Minotaur Gladiator began the quest for the Orb.
     0 | D:1      | Reached XP level 1. HP: 18/18 MP: 0/0
    35 | D:1      | Reached skill level 4 in Axes
    40 | D:1      | Reached XP level 2. HP: 25/25 MP: 1/1
   321 | D:1      | Reached XP level 3. HP: 30/30 MP: 2/2
   333 | D:2      | Reached skill level 5 in Axes
   549 | D:2      | Reached XP level 4. HP: 21/37 MP: 3/3
   905 | D:2      | Reached skill level 6 in Axes
   945 | D:2      | Found a blossoming altar of Fedhas.
  1221 | D:3      | Reached XP level 5. HP: 37/42 MP: 4/4
  1240 | D:3      | Noticed Salt's ghost (amateur DEFE)
  1249 | D:3      | Killed Salt's ghost
  1249 | D:3      | Reached skill level 7 in Axes
  1909 | D:4      | Reached skill level 8 in Axes
  1909 | D:4      | Reached XP level 6. HP: 48/50 MP: 5/5
  1981 | D:4      | HP: 2/50 [orc priest/morningstar (11)]
  1982 | D:4      | Killed from afar by an orc priest

Skill      XL: |  1  2  3  4  5 |
---------------+----------------+-----
Axes           | 4 5 6 8 |  8.7
Fighting       | |  2.4
Throwing       | |  2.1
Dodging        | |  3.5

Action                   |  1- 3 |  4- 6 || total
-------------------------+-------+-------++-------
Melee: War axe           |    61 |   100 ||   161
       Headbutt          |    10 |    18 ||    28
  Use: Potion            |       |     1 ||     1
  Eat: Chunk             |       |     1 ||     1
       Ration            |       |     1 ||     1
Armor: Leather armour    |    19 |    10 ||    29
       Chain mail        |       |    25 ||    25
Dodge: Dodged            |    57 |    61 ||   118
